 Dungeon Crawl Stone Soup version 0.19.1 (webtiles) character file.

44466 Baldric the Fighter (level 14, 0/94 HPs)
             Began as a Gargoyle Berserker on July 22, 2017.
             Was the Champion of Trog.
             Slain by a spiny frog (25 damage)
             ... on level 2 of the Swamp.
             The game lasted 02:17:41 (15962 turns).

Baldric the Fighter (Gargoyle Berserker)           Turns: 15962, Time: 02:17:42

Health: 0/94       AC:  0    Str: 24    XL:     14   Next: 28%
Magic:  14/14      EV: 19    Int:  8    God:    Trog [******]
Gold:   711        SH:  3    Dex: 11    Spells: 0 memorised, 13 levels left

rFire  + . .     SeeInvis .     (weapon currently unavailable)
rCold  + . .     Gourm    .     (armour currently unavailable)
rNeg   + . .     Faith    .     (shield currently unavailable)
rPois  ∞         Spirit   .     (helmet currently unavailable)
rElec  +         Reflect  +     (cloak currently unavailable)
rCorr  +         Harm     .     (gloves currently unavailable)
MR     +....                    (boots currently unavailable)
Stlth  +.........               X - +3 amulet of reflection
                                (ring currently unavailable)
                                (ring currently unavailable)

@: pig-form, resistant, very quick
A: (big wings), (camouflage 0), negative energy resistance 1, (electricity
resistance), (unbreathing), petrification resistance, rot immunity, AC +9
a: Berserk, Trog's Hand, Brothers in Arms, Burn Spellbooks, Renounce Religion


You were on level 2 of the Swamp.
You worshipped Trog.
Trog was exalted by your worship.
You were not hungry.
You were a filthy swine.
You visited 3 branches of the dungeon, and saw 18 of its levels.
You also visited: Sewer.

You collected 1305 gold pieces.
You spent 594 gold pieces at shops.

Inventory:

Hand Weapons
 g - a +9 hand crossbow
 k - the +6 shillelagh "Devastator" {shatter}
   (You bought it in a shop on level 9 of the Dungeon)
 l - a +3 eveningstar of draining (melded)
 q - a +2 flail of draining
Armour
 h - a +1 helmet of see invisible (melded)
 j - +0 swamp dragon scales (melded)
 B - a +2 cloak (melded)
 H - a +0 troll leather armour
 J - a +2 pair of boots (melded)
 N - a +2 shield (melded)
Jewellery
 p - an uncursed amulet of regeneration
 u - an uncursed ring of protection from magic
 w - an uncursed ring of resist corrosion
 U - a +2 ring of protection (melded)
 W - a ring of protection from fire (melded)
 X - a +3 amulet of reflection (around neck)
Wands
 a - a wand of acid (14/15)
 c - a wand of flame (14/48)
 d - a wand of paralysis (14/24)
 i - a wand of lightning (5/15)
 t - a wand of slowing (48/48)
 D - a wand of paralysis (6/24)
 I - a wand of iceblast (8/15)
 K - a wand of iceblast (8/15)
 O - a wand of digging (8/24)
 Q - a wand of lightning (11/15)
 S - a wand of iceblast (8/15)
 Y - a wand of lightning (7/15)
Scrolls
 e - a scroll of remove curse
 o - a scroll of recharging
 v - a scroll of silence
 y - 5 scrolls of magic mapping
 E - a scroll of immolation
 G - 6 scrolls of teleportation
 M - 4 scrolls of blinking
Potions
 b - 14 potions of curing
 f - 3 potions of heal wounds
 m - 4 potions of brilliance
 z - 4 potions of agility
 A - 3 potions of might
 C - 2 potions of invisibility
 P - 3 potions of ambrosia
 V - a potion of resistance
Miscellaneous
 L - a phial of floods
Comestibles
 n - 4 fruits
 s - 8 bread rations
 F - 8 meat rations


   Skills:
 + Level 13.1 Fighting
 + Level 12.0 Maces & Flails
 + Level 11.6 Armour
 + Level 9.2 Dodging
 * Level 11.3 Shields


You had 13 spell levels left.
You didn't know any spells.

Dungeon Overview and Level Annotations

Branches:
Dungeon (10/15)            Temple (0/1) D:7            Lair (6/6) D:10
  Swamp (2/4) Lair:4       Spider (0/4) Lair:3        Slime (0/5) Lair:5
    Orc: D:9-12

Altars:
Ashenzari
Cheibriados
Fedhas
Nemelex Xobeh
Okawaru
Qazlal
Ru
Trog
Uskayaw
Xom
Yredelemnul

Shops:
D:4 %   D:9 ((

Annotations:
Lair:3 exclusion: 3 oklob plants
Swamp:2 Kirke


Innate Abilities, Weirdness & Mutations

You are resistant to torment.
((Your stone body is resilient. (AC +9)))
You are immune to poison.
((Your large and strong wings let you fly indefinitely.))
You resist negative energy. (rN+)
((You are resistant to electric shocks. (rElec)))
((You can survive without breathing.))
You are immune to petrification.
You are immune to rotting.
((Your skin changes colour to match your surroundings (Stealth+).))


Message History

The spiny frog is no longer moving slowly.
You see here a hydra corpse.
You hit the spiny frog but do no damage.
The spiny frog is severely wounded.
The spiny frog completely misses you. The spiny frog misses you.
A swamp worm comes into view.
The spiny frog closely misses you. The spiny frog stings you!!
You enter the shallow water.
Moving in this stuff is going to be slow.
The spiny frog stings you!!
* * * LOW HITPOINT WARNING * * *
The spiny frog closely misses you.
You enter the shallow water.
Moving in this stuff is going to be slow.
You enter the shallow water.
Moving in this stuff is going to be slow.
The spiny frog stings you!!
You die...

♣♣♣♣♣♣♣♣♣♣ ♣♣≈.≈§♣...≈
♣♣♣♣...≈....≈≈ ♣♣♣
♣♣♣♣..♣.≈≈≈...[§≈
♣♣≈♣♣♣♣♣..♣≈.≈.≈≈≈≈≈≈..≈
♣...whFh≈.÷♣♣♣≈≈≈≈≈≈≈..≈
♣.≈≈.♣.≈≈≈≈..≈♣≈≈≈≈≈≈♣♣♣
♣.≈≈.♣♣≈≈≈≈≈..♣♣♣♣♣.≈♣ ♣
♣.≈≈...≈≈≈≈≈.♣♣♣♣≈≈≈♣♣♣ ♣§
♣.≈≈≈≈.≈≈≈≈♣♣♣ ♣..≈≈..♣
♣♣♣♣≈♣♣§h≈w≈.≈≈≈.♣ ♣..≈≈≈.♣
♣≈≈..≈≈≈@n≈.<≈..♣♣♣♣♣♣≈≈≈≈≈.♣♣
≈♣......h≈≈≈≈...♣≈.♣♣≈≈≈≈≈≈..♣
♣.≈≈....≈≈≈≈≈≈≈.≈...♣♣≈≈≈≈≈..♣


You could see a spiny frog, a swamp worm and a hog.

Vanquished Creatures
  Aizul (Swamp:1)
  6 hydras
  2 alligators (Swamp:1)
  A death yak (Lair:6)
  A swamp dragon (Swamp:2)
  A hill giant (D:10)
  Pikel (D:6)
  A shambling mangrove (Swamp:2)
  An ugly thing (D:10)
  2 oklob plants
  4 elephants (Lair:4)
  2 black mambas (Lair:6)
  9 spiny frogs
  A torpor snail (Lair:6)
  7 komodo dragons
  2 rime drakes
  3 trolls
  8 hornets
  5 polar bears
  3 jumping spiders (Lair:3)
  3 slime creatures (Swamp:1)
  3 tyrant leeches (Swamp:2)
  A bog body (Swamp:2)
  A hippogriff (Lair:5)
  4 redbacks (Lair:3)
  12 spriggans
  17 yaks
  Eustachio (D:5)
  A hog (Swamp:2)
  A wyvern (D:9)
  A hungry ghost (D:10)
  2 basilisks
  Menkaure (D:5)
  5 swamp worms
  14 insubstantial wisps (Swamp:2)
  Edmund (D:5)
  8 water moccasins
  8 porcupines
  2 black bears (Lair:6)
  2 ice beasts (D:9)
  3 swamp drakes
  5 orc warriors
  A sky beast (D:7)
  4 ogres
  2 phantoms
  22 wolves
  4 boggarts (Lair:6)
  4 centaurs
  10 crocodiles
  3 big kobolds
  14 bullfrogs
  A wyvern zombie (D:9)
  4 scorpions
  A wyvern skeleton (D:9)
  10 wights
  6 killer bees (D:9)
  2 crimson imps
  A bullfrog zombie (D:7)
  A quasit (D:7)
  A centaur zombie (D:7)
  17 jellies
  8 orc priests
  Crazy Yiuf (D:5)
  A bullfrog skeleton (D:5)
  A gnoll shaman (D:6)
  9 hounds
  A centaur skeleton (D:7)
  3 iguanas
  Ijyb (D:2)
  11 orc wizards
  8 worker ants
  2 hound skeletons
  Robin (D:2)
  13 gnolls
  6 adders
  5 shadow imps
  3 white imps (D:9)
  An ufetubus (D:9)
  An ooze (Sewer)
  4 worms
  A dart slug (D:3)
  3 leopard geckos
  52 orcs
  15 bats
  8 giant cockroaches
  17 goblins
  13 hobgoblins
  5 jackals
  A quokka (D:7)
  7 ball pythons
  2 frilled lizards (D:1)
  A jackal skeleton (D:4)
  28 kobolds
  15 rats
  2 bushes (Lair:6)
  8 fungi
  15 plants
538 creatures vanquished.

Vanquished Creatures (collateral kills)
  Donald (Swamp:1)
  A hydra (Swamp:1)
  An alligator (Swamp:1)
3 creatures vanquished.

Vanquished Creatures (others)
  An orc wizard (D:6)
  2 fungi (Lair:6)
3 creatures vanquished.

Grand Total: 544 creatures vanquished

Notes
Turn   | Place    | Note
-------+----------+-------------------------------------------
     0 | D:1      | Baldric the Gargoyle Berserker began the quest for the Orb.
     0 | D:1      | Reached XP level 1. HP: 14/14 MP: 1/1
   298 | D:1      | Reached XP level 2. HP: 13/19 MP: 2/2
   921 | D:1      | Reached XP level 3. HP: 23/23 MP: 3/3
  1067 | D:2      | Reached ** piety under Trog
  1080 | D:2      | Noticed Ijyb
  1102 | D:2      | Killed Ijyb
  1103 | D:2      | Reached XP level 4. HP: 17/29 MP: 4/4
  1327 | D:2      | Noticed Robin
  1333 | D:2      | Killed Robin
  1549 | D:2      | Reached skill level 4 in Fighting
  1708 | D:2      | Found a sparkling altar of Nemelex Xobeh.
  1709 | D:2      | Found a hide-covered altar of Uskayaw.
  1709 | D:2      | Found a shimmering altar of Xom.
  1711 | D:2      | Found an iron altar of Okawaru.
  1713 | D:2      | Found a blossoming altar of Fedhas.
  1713 | D:2      | Found a stormy altar of Qazlal.
  1714 | D:2      | Found a basalt altar of Yredelemnul.
  1776 | D:3      | Reached XP level 5. HP: 28/33 MP: 5/5
  2453 | D:3      | Found a snail-covered altar of Cheibriados.
  2458 | D:3      | Reached *** piety under Trog
  2606 | D:4      | Reached XP level 6. HP: 24/39 MP: 6/6
  2766 | D:4      | Reached skill level 5 in Maces & Flails
  2796 | D:4      | Found Fuamep's Food Emporium.
  3053 | D:4      | Found a glowing drain.
  3066 | Sewer    | Entered a sewer
  3138 | Sewer    | Reached **** piety under Trog
  3175 | Sewer    | Reached XP level 7. HP: 44/44 MP: 7/7
  3548 | D:4      | Bought a slice of pizza for 18 gold pieces
  3548 | D:4      | Bought a meat ration for 60 gold pieces
  3548 | D:4      | Bought a bread ration for 60 gold pieces
  3570 | D:5      | Entered Level 5 of the Dungeon
  3675 | D:5      | Noticed Eustachio
  3721 | D:5      | Killed Eustachio
  3721 | D:5      | Reached skill level 5 in Fighting
  3786 | D:5      | Noticed Edmund
  3820 | D:5      | Killed Edmund
  3820 | D:5      | Reached XP level 8. HP: 36/49 MP: 8/8
  3914 | D:5      | Noticed Menkaure
  3928 | D:5      | Killed Menkaure
  3928 | D:5      | Reached skill level 5 in Armour
  4346 | D:5      | Found a runed door.
  4430 | D:5      | Noticed Crazy Yiuf
  4435 | D:5      | Killed Crazy Yiuf
  4492 | D:6      | Reached skill level 6 in Fighting
  4752 | D:6      | Reached XP level 9. HP: 56/56 MP: 9/9
  4852 | D:6      | Reached skill level 7 in Fighting
  5048 | D:6      | Noticed Pikel
  5083 | D:6      | Killed Pikel
  5234 | D:7      | Reached skill level 8 in Fighting
  5234 | D:7      | Reached skill level 5 in Dodging
  5346 | D:7      | Found a staircase to the Ecumenical Temple.
  5352 | D:7      | Found a shattered altar of Ashenzari.
  5588 | D:7      | Reached XP level 10. HP: 35/65 MP: 10/10
  5687 | D:7      | Reached skill level 9 in Fighting
  5878 | D:7      | Gained mutation: Your skin changes colour to match your surroundings (Stealth+). [potion of mutation]
  5878 | D:7      | Gained mutation: You have a pair of small horns on your head. [potion of mutation]
  5881 | D:7      | Lost mutation: You have a pair of small horns on your head. [potion of cure mutation]
  6513 | D:8      | Reached ***** piety under Trog
  6545 | D:9      | Found Fumool's Weapon Shoppe.
  6671 | D:9      | Found a bloodstained altar of Trog.
  6852 | D:9      | Received a gift from Trog
  7068 | D:9      | Reached skill level 10 in Fighting
  7342 | D:9      | Found Ciupo's Weapon Boutique.
  7498 | D:9      | Found a sacrificial altar of Ru.
  7794 | D:10     | Entered Level 10 of the Dungeon
  8037 | D:10     | Noticed a brown ugly thing
  8057 | D:10     | Killed a brown ugly thing
  8057 | D:10     | Reached XP level 11. HP: 48/73 MP: 11/11
  8098 | D:10     | Noticed a hill giant
  8107 | D:10     | Killed a hill giant
  8202 | D:10     | Found a staircase to the Lair.
  8378 | Lair:1   | Entered Level 1 of the Lair of Beasts
  8544 | Lair:1   | Reached skill level 1 in Shields
  8936 | Lair:1   | Reached skill level 10 in Maces & Flails
  9167 | Lair:2   | Noticed a five-headed hydra
  9179 | Lair:2   | Killed a five-headed hydra
  9179 | Lair:2   | Reached skill level 11 in Fighting
  9389 | Lair:2   | Noticed a four-headed hydra
  9400 | Lair:2   | Killed a four-headed hydra
  9930 | Lair:3   | Reached skill level 5 in Shields
  9951 | Lair:3   | Reached XP level 12. HP: 76/80 MP: 12/12
  9962 | Lair:3   | Found a hole to the Spider Nest.
 10295 | Lair:3   | Got a slimy ring mail
 11168 | Lair:3   | Identified the +0 ring mail "Syuwow" {rF+ Str-4 Int+3} (You found it on level 3 of the Lair of Beasts)
 11429 | D:9      | Bought the +6 shillelagh "Devastator" {shatter} for 456 gold pieces
 11675 | Lair:4   | Reached skill level 10 in Armour
 11761 | Lair:4   | Noticed a five-headed hydra
 11774 | Lair:4   | Killed a five-headed hydra
 11926 | Lair:4   | Found a staircase to the Swamp.
 12576 | Lair:5   | Found a staircase to the Slime Pits.
 12587 | Lair:5   | Reached skill level 12 in Fighting
 12601 | Lair:5   | Noticed a six-headed hydra
 12609 | Lair:5   | Killed a six-headed hydra
 12609 | Lair:5   | Reached XP level 13. HP: 73/86 MP: 13/13
 13007 | Lair:5   | Identified a scroll of acquirement
 13008 | Lair:5   | Got a warped shield
 13021 | Lair:5   | Identified the +0 shield of Ecaf {rN+} (You acquired it on level 5 of the Lair of Beasts)
 13057 | Lair:6   | Entered Level 6 of the Lair of Beasts
 13199 | Lair:6   | Found an iron altar of Okawaru.
 13217 | Lair:6   | Got a slimy leather armour
 13228 | Lair:6   | Identified the cursed +0 leather armour "Ataut" {rF+ rC+ Str+2 Dex-2} (You found it on level 6 of the Lair of Beasts)
 13272 | Lair:6   | Reached ****** piety under Trog
 13432 | Lair:6   | Received a gift from Trog
 13789 | Lair:6   | Found a blossoming altar of Fedhas.
 14622 | Swamp:1  | Entered Level 1 of the Swamp
 14622 | Swamp:1  | Noticed Aizul
 14636 | Swamp:1  | Killed Aizul
 14652 | Swamp:1  | Noticed Donald
 14657 | Swamp:1  | Killed Donald
 14657 | Swamp:1  | Reached skill level 10 in Shields
 15252 | Swamp:1  | Reached skill level 13 in Fighting
 15252 | Swamp:1  | Gained mutation: Your large and strong wings let you fly indefinitely. [Gargoyle growth]
 15252 | Swamp:1  | Reached XP level 14. HP: 89/94 MP: 14/14
 15670 | Swamp:2  | Received a gift from Trog
 15884 | Swamp:2  | Noticed Kirke
 15962 | Swamp:2  | Slain by a spiny frog

Skill      XL: |  1  2  3  4  5  6  7  8  9 10 11 12 13 14 |
---------------+-------------------------------------------+-----
Dodging        | 2 3 4 5 6 7 8 9 |  9.2
Armour         | 3 4 5 7 8 9 10 11 | 11.6
Maces & Flails | 4 5 6 7 8 9 10 11 12 | 12.0
Fighting       | 4 5 6 8 10 11 12 13 | 13.1
Shields        | 5 8 10 11 | 11.3

Action                   |  1- 3 |  4- 6 |  7- 9 | 10-12 | 13-15 || total
-------------------------+-------+-------+-------+-------+-------++-------
Melee: Mace              |   107 |   370 |   161 |    37 |       ||   675
       Flail             |       |       |   287 |   612 |     2 ||   901
       Shillelagh        |       |       |       |   104 |   323 ||   427
       Eveningstar       |       |       |       |       |   127 ||   127
       Unarmed           |       |       |       |       |     1 ||     1
 Fire: Arbalest          |       |       |       |    11 |       ||    11
Invok: Berserk           |     2 |     2 |     3 |     2 |     2 ||    11
       Trog's Hand       |       |     2 |     4 |     4 |     1 ||    11
       Burn Spellbooks   |       |       |       |     2 |     2 ||     4
       Brothers in Arms  |       |       |       |       |     1 ||     1
 Abil: Stop Flying       |       |       |       |       |     2 ||     2
       Fly               |       |       |       |       |     1 ||     1
Evoke: Wand              |       |       |       |     6 |     3 ||     9
  Use: Potion            |     1 |     1 |     4 |    10 |     3 ||    19
       Scroll            |       |     7 |     8 |    13 |    15 ||    43
 Stab: Sleeping          |       |       |       |     1 |     1 ||     2
  Eat: Bread ration      |     1 |     1 |     1 |     2 |       ||     5
       Meat ration       |       |     1 |     1 |     1 |     1 ||     4
       Royal jelly       |       |       |     2 |     1 |       ||     3
       Beef jerky        |       |       |     2 |       |     1 ||     3
       Pizza             |       |       |     1 |     2 |       ||     3
       Fruit             |       |       |       |     8 |     8 ||    16
Armor: Leather armour    |    59 |   223 |   235 |   154 |       ||   671
       Ring mail         |       |       |    50 |       |       ||    50
       Troll leather arm |       |       |       |   167 |   113 ||   280
       Swamp dragon scal |       |       |       |       |     7 ||     7
Dodge: Dodged            |    80 |   322 |   461 |   508 |   160 ||  1531
Block: Shield            |       |       |       |    27 |   215 ||   242
       Buckler           |       |       |       |    87 |    12 ||    99
       Other             |       |       |       |       |     6 ||     6
